AoeStats
← 钓鱼佬

African Clearing

506126313Analyzed
4v4 RM · 20d ago on Sep 12, 2026· 44m 52s· 8 players
Game mode
Random Map
Map size
Large (8 player)
Population
200
Speed
Normal
Resources
Standard
Victory
Conquest
Starting age
Dark Age
Ending age
Imperial Age
RankedLock teamsTeams togetherTeam positionsShared explorationLock speedFull tech treeHidden civsTurbo modeCheats
Victory
Defeat
🇨🇳 Celts · China
1857
+5
🇨🇳 Spanish · China
1667
+11
🇨🇳 Burmese · China
1606
+13
🇨🇳 Koreans · China
1579
+14
🇨🇳 Vietnamese · China
1611
-13
🇷🇺 Spanish · Russia
1570
-11
🇧🇷 Magyars · Brazil
1542
-10
1519
-9
Riveryyy
10:59 Loom
13:15 Feudal Age
18:55 Castle Age
Dakar1
5:43 Loom
15:46 Feudal Age
19:35 Castle Age
19:14 Double-Bit Axe
20:19 Fishing Lines
22:13 Gillnets
24:11 Wheelbarrow
25:42 Scale Barding Armor
30:22 Husbandry
31:18 Chain Barding Armor
31:35 Bloodlines
36:32 Imperial Age
36:57 Corvinian Army
36:35 Elite Magyar Huszar
37:36 Conscription
37:59 Plate Barding Armor
38:26 Hand Cart
37:56 Town Watch
45:04 Horse Collar
骑人机的骑士
13:21 Feudal Age
18:23 Castle Age
16:25 Double-Bit Axe
17:00 Gold Mining
17:04 Stone Mining
17:10 Loom
18:02 Horse Collar
20:06 Padded Archer Armor
19:57 Fletching
27:29 Leather Archer Armor
34:31 Heavy Plow
35:11 Bodkin Arrow
36:20 Ballistics
38:38 Imperial Age
37:24 Wheelbarrow
39:03 Hand Cart
38:43 Elite Rattan Archer
40:36 Chemistry
40:47 Ring Archer Armor
40:18 Bracer
41:27 Squires
40:47 Pikeman
42:25 Forging
42:16 Scale Mail Armor
43:14 Paper Money
44:24 Murder Holes
44:35 Siege Engineers
44:08 Halberdier
Yucatan_water_supremacy
3:35 Loom
12:54 Feudal Age
19:23 Town Watch
19:26 Double-Bit Axe
19:22 Horse Collar
24:29 Scale Barding Armor
28:48 Castle Age
DZT_白霜魔头
12:34 Feudal Age
12:03 Loom
12:49 Man-at-Arms
14:25 Town Watch
17:07 Arson
19:16 Double-Bit Axe
25:43 Castle Age
27:31 Wheelbarrow
27:09 Bow Saw
26:46 Horse Collar
31:12 Hand Cart
32:20 Stone Mining
32:20 Gold Mining
32:39 Heavy Plow
34:04 Stone Shaft Mining
36:44 Imperial Age
34:56 Gold Shaft Mining
35:12 Scale Mail Armor
35:23 Forging
35:45 Treadmill Crane
37:07 Chain Mail Armor
37:51 Iron Casting
37:49 Conscription
39:33 Blast Furnace
39:03 Plate Mail Armor
39:10 Plate Mail Armor
39:41 Blast Furnace
41:08 Elite Woad Raider
43:03 Blast Furnace
lemon tea
10:33 Loom
13:05 Feudal Age
14:46 Town Watch
17:29 Castle Age
15:27 Double-Bit Axe
17:00 Gold Mining
20:01 Wheelbarrow
20:45 Padded Archer Armor
23:20 Horse Collar
25:56 Leather Archer Armor
27:00 Stone Mining
29:04 Hand Cart
33:54 Imperial Age
32:09 Bow Saw
32:59 Stone Shaft Mining
32:53 Bloodlines
32:43 Husbandry
33:29 Scale Barding Armor
33:38 Heavy Plow
34:34 Chain Barding Armor
33:57 Cavalier
36:06 Plate Barding Armor
36:02 Paladin
36:56 Forging
39:27 Iron Casting
38:18 Capped Ram
41:23 Blast Furnace
42:12 Two-Man Saw
43:18 Supremacy
43:18 Conscription
43:07 Fletching
口古口古嘎嘎
3:23 Loom
13:59 Feudal Age
14:43 Double-Bit Axe
15:04 Town Watch
17:52 Castle Age
19:08 Fletching
29:22 Bow Saw
30:28 Wheelbarrow
29:49 Horse Collar
37:12 Scale Mail Armor
37:54 Squires
38:13 Chain Mail Armor
38:08 Forging
42:23 Imperial Age
42:49 Capped Ram
45:32 Plate Mail Armor
钓鱼佬
4:23 Loom
13:35 Feudal Age
17:16 Castle Age
15:58 Gold Mining
21:18 Padded Archer Armor
28:34 Wheelbarrow
30:14 Bloodlines
30:05 Husbandry
30:29 Horse Collar
33:14 Hand Cart
37:18 Imperial Age
37:33 Stone Mining
38:20 Gold Shaft Mining
37:35 Elite Arambai
38:56 Ballistics
39:36 Chemistry
39:18 Parthian Tactics
39:35 Fletching
42:47 Heavy Plow
43:59 Bodkin Arrow
Connection lost

Rejoining the realm…

Still unreachable

The connection could not be restored.

Session expired

The server has moved on; the page needs a fresh start.